 Dungeon Crawl Stone Soup version 0.30.0-29-ga12c61a403 (webtiles) character file.

Game seed: 8174281276439295164

80 qw the Chopper (level 4, 0/28 HPs)
             Began as a Gargoyle Fighter on June 3, 2023.
             Slain by a gnoll
             ... wielding a +0 club
              (2 damage)
             ... on level 3 of the Dungeon.
             The game lasted 00:01:01 (1567 turns).

qw the Chopper (Gargoyle Fighter)                   Turns: 1567, Time: 00:01:01

Health: 0/28       AC: 15    Str: 22    XL:     4   Next: 39%
Magic:  4/4        EV:  8    Int:  8    God:
Gold:   152        SH:  4    Dex:  9    Spells: 3/3 levels left

rFire   . . .        Y - +0 war axe
rCold   . . .        c - +0 buckler
rNeg    + . .        i - +0 chain mail
rPois   inf          (no helmet)
rElec   +            f - +0 cloak
rCorr   .            e - +0 pair of gloves
SInv    .            (no boots)
Will    .....        (no amulet) Stlth
                     (no ring)
HPRegen 0.24/turn    (no ring)
MPRegen 0.09/turn

%: no passive effects
@: no status effects
A: sickness immunity, AC +3, negative energy resistance 1, electricity
resistance, torment resistance 1, petrification resistance
a: no special abilities


You were on level 3 of the Dungeon.
You visited 1 branch of the dungeon, and saw 3 of its levels.

You collected 152 gold pieces.


Innate Abilities, Weirdness & Mutations

You are immune to sickness and miasma.
Your stone body is resilient. (AC +3)
You are immune to poison.
You resist negative energy. (rN+)
You are resistant to electric shocks. (rElec)
You are resistant to unholy torment.
You are immune to petrification.


   Skills:
 - Level 3.2 Fighting
 + Level 4.1 Axes
 - Level 3.2 Armour
 - Level 3.2 Shields


You had 3 spell levels left.
You didn't know any spells.
Your spell library was empty.

Inventory:

Hand Weapons
 h - a +0 mace
 Y - a +0 war axe (weapon)
Armour
 c - a +0 buckler (worn)
 e - a +0 pair of gloves (worn)
 f - a +0 cloak (worn)
 i - a +0 chain mail (worn)
Potions
 d - a potion of might
 g - a potion of curing {unknown}
 j - a potion of heal wounds {unknown}
 l - a potion of flight {unknown}
 n - a potion of degeneration {unknown}

Dungeon Overview and Level Annotations

Branches:
Dungeon (3/15)

Altars:


Message History

The air around you briefly surges with heat, but it dissipates.
It was a scroll of immolation.
Done exploring.
(D) Dungeon
Where to? (* - list waypoints, Enter - D:2, ? - help)
What level of the Dungeon? (default 1, ? - help)
There is a stone staircase leading down here.
You climb downwards.
The gnoll shouts! x2
There is a stone staircase leading up here.
There are monsters nearby!
Waypoint 2 assigned to D:3.
1556 ||| Stepping ~*~*~tactically~*~*~ (hiding).
A gnoll comes into view. It is wielding a +0 spear.
The gnoll shouts!
The gnoll hits you but does no damage. x2; The gnoll throws a throwing net.
The throwing net hits you.
You become entangled in the net!
You see here a throwing net.
You struggle against the net.
The gnoll hits you but does no damage.
The gnoll hits you from afar with a +0 spear!
The gnoll hits you with a +0 flail. The gnoll hits you with a +0 club.
The gnoll hits you but does no damage. The gnoll hits you with a +0 club.
The gnoll completely misses you. The gnoll hits you with a +0 flail.
The gnoll barely misses you. x2
You struggle against the net.
The gnoll barely misses you. x2; The gnoll hits you with a +0 flail.
You struggle against the net.
The gnoll hits you but does no damage. The gnoll completely misses you.
The gnoll hits you but does no damage.
You struggle against the net.
The gnoll hits you with a +0 flail. The gnoll hits you with a +0 club.
The gnoll hits you but does no damage.
You rip the net and break free!
The gnoll hits you but does no damage. You block the gnoll's attack.
The gnoll hits you but does no damage.
You barely miss the gnoll. You slash the gnoll! The gnoll closely misses you.
The gnoll hits you with a +0 club.
You die...

# ##. ###..
......
#..g#####
####...g..#
#.....g@..#
#.###.....#
#....<#
........#
#####.###
...# #####


You could see 3 gnolls.

Vanquished Creatures
  An adder (D:2)
  5 dart slugs (D:1)
  A bat (D:1)
  4 endoplasms (D:1)
  15 giant cockroaches
  7 goblins
  3 hobgoblins
  2 kobolds (D:1)
  3 quokkas (D:1)
  5 ball pythons
  2 frilled lizards (D:1)
  6 rats
54 creatures vanquished.

Notes
Turn   | Place    | Note
-------+----------+-------------------------------------------
     0 | D:1      | qw the Gargoyle Fighter began the quest for the Orb.
     0 | D:1      | Reached XP level 1. HP: 14/14 MP: 1/1
     0 | D:1      | 0 ||| qw: Version: 0.2-a-103-g5a998e5
     0 | D:1      | 0 ||| qw: Game counter: 1043
     0 | D:1      | 0 ||| qw: Always use a shield: true
     0 | D:1      | 0 ||| qw: God list: Okawaru
     0 | D:1      | 0 ||| qw: Allow faded altars: false
     0 | D:1      | 0 ||| qw: Do Orc after D:15 true
     0 | D:1      | 0 ||| qw: Do second Lair branch before Depths: true
     0 | D:1      | 0 ||| qw: Lair rune preference: random
     0 | D:1      | 0 ||| qw: Plans: Normal, Zot:1-4, Slime:5, God:TSO, Crypt,
                  | Tomb, Pan, Hells, Abyss, Win
     0 | D:1      | 0 ||| PLANNING D:1-11
    24 | D:1      | Reached skill level 2 in Axes
    75 | D:1      | Reached XP level 2. HP: 19/19 MP: 2/2
   209 | D:1      | 209 ||| Stepping ~*~*~tactically~*~*~ (stealth).
   253 | D:1      | 253 ||| Stepping ~*~*~tactically~*~*~ (hiding).
   266 | D:1      | 266 ||| Stepping ~*~*~tactically~*~*~ (stealth).
   301 | D:1      | Reached skill level 3 in Axes
   403 | D:1      | Reached XP level 3. HP: 19/23 MP: 3/3
   477 | D:1      | 477 ||| Stepping ~*~*~tactically~*~*~ (hiding).
   901 | D:1      | 901 ||| UPGRADING to +0 cloak.
   906 | D:1      | 906 ||| UPGRADING to +0 chain mail.
   916 | D:1      | 916 ||| DROPPING +0 scale mail.
   917 | D:1      | 917 ||| READING 2 scrolls labelled MOPTYUN APIE.
   918 | D:1      | 918 ||| READING scroll labelled NUJUAPR TOIVE.
   919 | D:1      | 919 ||| DROPPING scroll of blinking.
  1053 | D:2      | Reached XP level 4. HP: 28/28 MP: 4/4
  1313 | D:2      | 1313 ||| Stepping ~*~*~tactically~*~*~ (stealth).
  1319 | D:2      | Reached skill level 4 in Axes
  1320 | D:2      | 1320 ||| Stepping ~*~*~tactically~*~*~ (stealth).
  1515 | D:2      | 1515 ||| UPGRADING to +0 pair of gloves.
  1520 | D:2      | 1520 ||| READING scroll labelled OJOMIB MOJOTEPP.
  1521 | D:2      | 1521 ||| READING scroll labelled LAUTITZAFY.
  1526 | D:2      | 1526 ||| READING scroll labelled ATINOGGU LEOMP.
  1547 | D:2      | 1547 ||| READING scroll labelled ROGOUN ZIP.
  1556 | D:3      | 1556 ||| Stepping ~*~*~tactically~*~*~ (hiding).
  1561 | D:3      | HP: 6/28 [gnoll/+0 flail (3)]
  1565 | D:3      | HP: 1/28 [gnoll/+0 club (3)]
  1567 | D:3      | Slain by a gnoll

Levels and vault maps discovered:
D:1:      lemuel_arrival_broad_hall, layout_loops_ring, minmay_ruptured
D:2:      minmay_roachtagon, layout_loops_ring
D:3:      layout_loops_corners

Skill      XL: |  1  2  3  4 |
---------------+-------------+-----
Axes           | 2 3 4 |  4.1
Fighting       | |  3.2
Armour         | |  3.2
Shields        | |  3.2

Action                     |  1- 3 |  4- 6 || total
---------------------------+-------+-------++-------
  Melee: War axe           |   121 |    27 ||   148
    Use: Scroll            |     2 |     4 ||     6
 Armour: Scale mail        |    40 |       ||    40
         Chain mail        |    14 |    18 ||    32
  Dodge: Dodged            |    49 |    22 ||    71
  Block: Buckler           |    15 |     3 ||    18

Table legend:
 A = Non-vault XP
 B = Vault XP
 C = Vault XP percentage of total XP
 D = Non-vault monster count
 E = Vault monster count
 F = Vault count percentage of total count
                 A         B        C        D         E       F
            +---------+---------+-------+---------+---------+-------
      Total |      85 |      30 |  26.1 |      39 |      15 |  27.8
            +---------+---------+-------+---------+---------+-------
        D:1 |      56 |       8 |  12.5 |      27 |       4 |  12.9
        D:2 |      29 |      22 |  43.1 |      12 |      11 |  47.8
            +---------+---------+-------+---------+---------+-------
